 Dungeon Crawl Stone Soup version 0.26-a0-1126-g3318b609a0 (webtiles) character file.

Game seed: 7642114820910410581

184 sanka the Ducker (level 5, -1/27 HPs)
             Began as a Spriggan Abyssal Knight on Dec 17, 2020.
             Was a Priest of Lugonu.
             Slain by a river rat (4 damage)
             ... in a sewer.
             The game lasted 00:05:27 (2556 turns).

sanka the Ducker (Spriggan Abyssal Knight)          Turns: 2556, Time: 00:05:27

Health: -1/27      AC:  3    Str:  8    XL:     5   Next: 36%
Magic:  7/7        EV: 22    Int: 13    God:    Lugonu [***...]
Gold:   145        SH:  0    Dex: 17    Spells: 4/4 levels left

rFire    + . .     SeeInvis +   a - +1 short sword
rCold    . . .     Faith    .   (shield restricted)
rNeg     . . .     Spirit   .   b - +0 robe
rPois    +         Reflect  .   (helmet restricted)
rElec    .         Harm     .   i - +0 cloak
rCorr    .         Rampage  .   (gloves unavailable)
Will     .....                  (boots unavailable)
Stlth    ++........             (no amulet)
HPRegen  0.09/turn              k - ring of protection from fire
MPRegen  0.10/turn              g - ring of poison resistance

@: very quick
A: very small, unfitting armour, see invisible, speed 3
a: Renounce Religion, Depart the Abyss, Bend Space, Banish


You were in a sewer.
You worshipped Lugonu.
Lugonu was most pleased with you.
You visited 1 branch of the dungeon, and saw 3 of its levels.
You visited the Abyss 1 time.
You also visited: Sewer.

You collected 145 gold pieces.


Innate Abilities, Weirdness & Mutations

You are very small and have problems with some larger weapons.
You are too small for most types of armour.
You have supernaturally acute eyesight. (SInv)
You cover ground extremely quickly.


   Skills:
 - Level 2.4 Fighting
 + Level 4.6 Short Blades
 + Level 6.4 Dodging
 - Level 1.7 Invocations


You had 4 spell levels left.
You didn't know any spells.
Your spell library was empty.

Inventory:

Hand Weapons
 a - a +1 short sword (weapon)
Missiles
 n - 7 curare-tipped darts {=f}
Armour
 b - a +0 robe (worn)
 i - a +0 cloak (worn)
Jewellery
 g - a ring of poison resistance (right hand)
 k - a ring of protection from fire (left hand)
 o - an uncursed ring of ice
Scrolls
 e - 2 scrolls of enchant armour {unknown}
 l - 4 scrolls of identify {unknown}
 p - a scroll of remove curse {unknown}
Potions
 c - a potion of brilliance {unknown}
 d - a potion of attraction {unknown}
 f - 2 potions of mutation {unknown}
 h - 2 potions of heal wounds {@q2}
 j - 2 potions of haste {unknown}
 m - a potion of curing {unknown}

Dungeon Overview and Level Annotations

Branches:
Dungeon (3/15)              Sewer (1/1)

Altars:
Elyvilon
Fedhas
Kikubaaqudgha
Nemelex Xobeh

▒▒▒
▒.▒
▒.▒
▒.▒
▒.▒
▒∩▒
▒r▒
▒i▒
▒.▒
▒.▒
▒†▒
▒.▒
▒.▒
▒.▒
▒≈▒
▒≈▒


You could see a river rat.


Message History

The river rat is lightly wounded.
The river rat bites you but does no damage.
You closely miss the river rat.
The river rat is lightly wounded.
The river rat misses you.
You hit the river rat but do no damage.
The river rat is lightly wounded.
The river rat closely misses you.
You hit the river rat but do no damage.
The river rat is lightly wounded.
The river rat closely misses you.
You barely miss the river rat.
The river rat is lightly wounded.
The river rat completely misses you.
You closely miss the river rat.
The river rat is lightly wounded.
The river rat closely misses you.
You barely miss the river rat.
The river rat is lightly wounded.
The river rat closely misses you.
You barely miss the river rat.
The river rat is lightly wounded.
You closely miss the river rat.
The river rat is lightly wounded.
The river rat bites you!
* * * LOW HITPOINT WARNING * * *
You barely miss the river rat.
The river rat is lightly wounded.
The river rat bites you.
You die...

Action                   |  1- 3 |  4- 6 || total
-------------------------+-------+-------++-------
Melee: Short sword       |   113 |   189 ||   302
  Use: Potion            |       |     1 ||     1
 Stab: Sleeping          |       |     5 ||     5
Armor: Robe              |     7 |    13 ||    20
Dodge: Dodged            |    92 |   143 ||   235

Levels and vault maps discovered:
D:1:      dpeg_arrival_rhombi, layout_basic
D:2:      layout_loops_ring, old_standard_altar,
          minmay_overflow_temple_star_quad, serial_park_tiny_2, minivault_27,
          kennysheep_nub, minmay_goblin_outpost
D:3:      layout_loops_ring, gup_sewer_entry_spiral, lexackson_kobold_supper
Sewer:    sewer_kobolds

Notes
Turn   | Place    | Note
-------+----------+-------------------------------------------
     0 | Abyss:1  | sanka the Spriggan Abyssal Knight began the quest for the
                  | Orb.
     0 | Abyss:1  | Reached XP level 1. HP: 11/11 MP: 3/3
    39 | Abyss:1  | Found a corrupted altar of Lugonu.
    43 | D:1      | Escaped the Abyss
   458 | D:1      | Reached skill level 4 in Dodging
   687 | D:1      | Reached XP level 2. HP: 16/16 MP: 4/4
   911 | D:2      | Found a blossoming altar of Fedhas.
   934 | D:2      | Reached skill level 3 in Short Blades
   937 | D:2      | Reached ** piety under Lugonu
   938 | D:2      | Reached XP level 3. HP: 16/19 MP: 5/5
  1229 | D:2      | Reached skill level 5 in Dodging
  1538 | D:2      | Reached XP level 4. HP: 23/23 MP: 6/6
  1926 | D:2      | Found a sparkling altar of Nemelex Xobeh.
  1930 | D:2      | Found an ancient bone altar of Kikubaaqudgha.
  1933 | D:2      | Found a white marble altar of Elyvilon.
  1984 | D:2      | Reached skill level 4 in Short Blades
  2081 | D:3      | Reached skill level 6 in Dodging
  2261 | D:3      | Reached XP level 5. HP: 14/27 MP: 7/7
  2504 | D:3      | Found a glowing drain.
  2510 | Sewer    | Entered a sewer
  2541 | Sewer    | Reached *** piety under Lugonu
  2556 | Sewer    | Slain by a river rat

Vanquished Creatures
  An iguana (D:2)
  7 adders
  2 river rats
  An ooze (D:3)
  2 worms (D:3)
  A dart slug (D:2)
  4 leopard geckos
  An orc (D:3)
  3 giant cockroaches
  8 goblins
  7 hobgoblins
  4 jackals (D:2)
  4 kobolds
  4 bats
  5 frilled lizards
  9 rats
63 creatures vanquished.
